 Dungeon Crawl Stone Soup version 0.23-a0-644-gb60d84b635 (webtiles) character file.

114 HereIgoKillingAgain the Changer (level 4, -2/32 HPs)
             Began as a Demonspawn Transmuter on Jan 1, 2019.
             Slain by a gnoll (7 damage)
             ... on level 3 of the Dungeon.
             The game lasted 00:02:49 (2245 turns).

HereIgoKillingAgain the Changer (DsTm)              Turns: 2245, Time: 00:02:50

Health: -2/32      AC:  4    Str: 10    XL:     4   Next: 67%
Magic:  0/7        EV: 12    Int: 15    God:
Gold:   121        SH:  0    Dex: 14    Spells: 1/7 levels left

rFire    . . .     SeeInvis .     - Unarmed
rCold    . . .     Gourm    .   (no shield)
rNeg     . . .     Faith    .   b - +0 robe
rPois    .         Spirit   .   (no helmet)
rElec    .         Reflect  .   c - +1 cloak
rCorr    .         Harm     .   (no gloves)
MR       .....                  (no boots)
Stlth    +.........             (no amulet)
HPRegen  0.10/turn              (no ring)
MPRegen  0.10/turn              (no ring)

@: no status effects
A: hooves 1
a: no special abilities


You were on level 3 of the Dungeon.
You were hungry.

You visited 1 branch of the dungeon, and saw 3 of its levels.

You collected 121 gold pieces.

Inventory:

Missiles
 a - 36 arrows
Armour
 b - a +0 robe (worn)
 c - a +1 cloak (worn)
Scrolls
 f - a scroll of identify
 i - a scroll of magic mapping
 j - a scroll of random uselessness
Potions
 g - 3 potions of degeneration
 h - 3 potions of mutation
Comestibles
 d - 5 rations
 k - 3 chunks of flesh


   Skills:
 - Level 1.0 Fighting
 - Level 1.7 Dodging
 + Level 3.5 Unarmed Combat
 - Level 2.0 Spellcasting
 * Level 3.8 Transmutations


You had one spell level left.
You knew the following spells:

 Your Spells              Type           Power        Failure   Level  Hunger
a - Beastly Appendage     Tmut           ##....       4%          1    #......
b - Sticks to Snakes      Tmut           ##......     7%          2    ###....
c - Spider Form           Tmut/Pois      #.........   30%         3    ###....

Your spell library contained the following spells:

 Spells                   Type           Power        Failure   Level  Hunger
 Ice Form                 Ice/Tmut       #.......     69%         4    #####..
 Blade Hands              Tmut           ##........   77%         5    ######.


Dungeon Overview and Level Annotations

Branches:
Dungeon (3/15)

Altars:

Annotations:
D:3 Grinder


Innate Abilities, Weirdness & Mutations

You have large cloven feet.


Message History

Okay, then.
Okay, then.
Okay, then.
You barely miss the gnoll.
The gnoll is severely wounded.
The gnoll hits you. x2
Unknown command.
You barely miss the gnoll. Your kick misses the gnoll.
The gnoll is severely wounded.
Grinder blinks!
The gnoll hits you.
* * * LOW HITPOINT WARNING * * *
The gnoll hits you.
* * * LOW HITPOINT WARNING * * *
Unknown command.
Casting: Sticks to Snakes (safe; 7% risk of failure)
Confirm with . or Enter, or press ? or * to list all spells.
You create a snake!
You now have 36 arrows.
Grinder hits your ball python.
Your ball python dies!
The gnoll hits you!
You die...

### #.#####@# ###
#...5.gg#
#....##########g#
#.......g.....#.#
.....#.g###o....#
........g #.#.###
....#.#...#.#.#
... #.#...#.#.#
.. #.#..<#.#..


You could see Grinder and 3 gnolls.

Vanquished Creatures
  An orc priest (D:3)
  An adder (D:2)
  An ooze (D:1)
  2 worms (D:2)
  3 dart slugs
  A leopard gecko (D:2)
  An orc (D:3)
  A ball python (D:1)
  A giant cockroach (D:1)
  5 hobgoblins
  3 jackals
  4 kobolds
  A bat (D:2)
  A frilled lizard (D:1)
  13 goblins
  A rat (D:1)
40 creatures vanquished.

Vanquished Creatures (collateral kills)
  An orc priest (D:3)
  An adder (D:2)
  2 orcs (D:3)
  A frilled lizard (D:2)
5 creatures vanquished.

Grand Total: 45 creatures vanquished

Notes
Turn   | Place    | Note
-------+----------+-------------------------------------------
     0 | D:1      | HereIgoKillingAgain the Demonspawn Transmuter began the
                  | quest for the Orb.
     0 | D:1      | Reached XP level 1. HP: 15/15 MP: 3/3
   224 | D:1      | Gained mutation: You have large cloven feet. [demonic
                  | ancestry]
   224 | D:1      | Reached XP level 2. HP: 12/21 MP: 5/5
   614 | D:2      | Reached XP level 3. HP: 22/26 MP: 6/6
   957 | D:1      | Learned a level 2 spell: Sticks to Snakes
   961 | D:1      | Learned a level 3 spell: Spider Form
  1677 | D:2      | Reached XP level 4. HP: 32/32 MP: 7/7
  2208 | D:3      | Noticed Grinder
  2245 | D:3      | Slain by a gnoll

Vault maps used:
D:1:      lemuel_arrival_cross, minmay_vboxes
D:2:      minmay_angry_zag, first_ration, grunt_ministairs_10
D:3:      uniq_grinder, uniq_sigmund

Skill      XL: |  1  2  3 |
---------------+----------+-----
Transmutations | 2 3 |  3.8
Unarmed Combat | 3 |  3.5
Fighting       | |  1.0
Dodging        | |  1.7
Spellcasting   | |  2.0

Action                   |  1- 3 |  4- 6 || total
-------------------------+-------+-------++-------
Melee: Unarmed           |   133 |    36 ||   169
       Kick              |    26 |     9 ||    35
       Punch             |     2 |     1 ||     3
 Cast: Sticks to Snakes  |     2 |     6 ||     8
       Beastly Appendage |       |     1 ||     1
  Use: Scroll            |       |     5 ||     5
 Stab: Sleeping          |     1 |       ||     1
  Eat: Ration            |     1 |       ||     1
       Chunk             |       |     1 ||     1
Armor: Robe              |    26 |     3 ||    29
Dodge: Dodged            |    84 |    29 ||   113

Table legend:
 A = Non-vault XP
 B = Vault XP
 C = Vault XP percentage of total XP
 D = Non-vault monster count
 E = Vault monster count
 F = Vault count percentage of total count
                 A         B        C        D         E       F
            +---------+---------+-------+---------+---------+-------
      Total |     126 |      38 |  23.2 |      34 |      11 |  24.4
            +---------+---------+-------+---------+---------+-------
        D:1 |      16 |      18 |  52.9 |       8 |       6 |  42.9
        D:2 |      51 |      20 |  28.2 |      20 |       5 |  20.0
        D:3 |      59 |       0 |   0.0 |       6 |       0 |   0.0
            +---------+---------+-------+---------+---------+-------
